 Dungeon Crawl Stone Soup version 0.22.1-1-ga44c0e5 (webtiles) character file.

15049 dvd the Thaumaturge (level 12, -7/74 HPs)
             Began as an Octopode Fire Elementalist on Nov 1, 2018.
             Was a Priest of Vehumet.
             Mangled by a large slime creature (25 damage)
             ... on level 10 of the Dungeon.
             The game lasted 00:53:05 (17103 turns).

dvd the Thaumaturge (Octopode Fire Elementalist)   Turns: 17103, Time: 00:53:06

Health: -7/74      AC:  7    Str:  7    XL:     12   Next: 22%
Magic:  1/26       EV: 16    Int: 23    God:    Vehumet [***...]
Gold:   811        SH:  6    Dex: 14    Spells: 7/31 levels left

rFire    . . .     SeeInvis .   a - +2 flail (protect)
rCold    + . .     Gourm    .   (no shield)
rNeg     . . .     Faith    .   A - +2 hat
rPois    .         Spirit   .   d - +6 amulet of reflection
rElec    .         Reflect  +   x - ring of protection from cold
rCorr    .         Harm     .   M - ring of flight
MR       .....                  c - +3 ring of protection
Stlth    ++++......             (no ring)
HPRegen  0.22/turn              (no ring)
MPRegen  0.20/turn              (no ring)
                                (no ring)
                                (no ring)

@: no status effects
A: almost no armour, stealthy swim, amphibious, 8 rings, constrict 8, rugged
brown scales 1, camouflage 1, agile 1, gelatinous body 1, MP-powered wands
a: Renounce Religion, Evoke Flight


You were on level 10 of the Dungeon.
You worshipped Vehumet.
Vehumet was most pleased with you.
You were hungry.

You visited 3 branches of the dungeon, and saw 13 of its levels.

You collected 811 gold pieces.

Inventory:

Hand Weapons
 a - a +2 flail of protection (weapon)
 k - a +1 mace of protection
 G - a +2 hunting sling of flaming
 L - a +4 quarterstaff of chaos
Missiles
 y - 474 stones (quivered)
Armour
 A - a +2 hat (worn)
Magical Staves
 t - an uncursed staff of conjuration
Jewellery
 c - a +3 ring of protection (on tentacle)
 d - a +6 amulet of reflection (around mantle)
 u - an uncursed amulet of rage
 x - a ring of protection from cold (left tentacle)
 M - a ring of flight (right tentacle)
Wands
 f - a wand of digging (13)
 h - a wand of paralysis (5)
 o - a wand of random effects (31)
 C - a wand of iceblast (15)
 D - a wand of scattershot (7)
 J - a wand of enslavement (7)
Scrolls
 e - 6 scrolls of magic mapping
 g - 13 scrolls of identify
 j - 5 scrolls of teleportation
 n - 6 scrolls of enchant armour
 r - a scroll of enchant weapon
 v - a scroll of fear
 w - 5 scrolls of remove curse
 z - a scroll of fog
 F - 3 scrolls of immolation
Potions
 i - a potion of curing
 l - 2 potions of might
 m - 3 potions of flight
 p - 6 potions of brilliance
 s - 4 potions of heal wounds
Comestibles
 b - 30 rations


   Skills:
 + Level 3.1 Fighting
   Level 0.1 Short Blades
 + Level 6.4 Maces & Flails
 + Level 5.8 Dodging
 + Level 6.1 Stealth
 + Level 10.2 Spellcasting
 + Level 8.7 Conjurations
 + Level 2.2 Translocations
 + Level 8.7 Fire Magic
 + Level 4.2 Earth Magic
 + Level 0.6 Evocations


You had 7 spell levels left.
You knew the following spells:

 Your Spells              Type           Power        Failure   Level  Hunger
a - Flame Tongue          Conj/Fire      #####        1%          1    None
b - Throw Flame           Conj/Fire      ######       1%          2    None
c - Sticky Flame          Conj/Fire      ######..     1%          4    #......
d - Sandblast             Erth           ####..       1%          1    None
e - Fireball              Conj/Fire      ######....   1%          5    ####...
f - Blink                 Tloc           N/A          3%          2    None
g - Stone Arrow           Conj/Erth      #####.       1%          3    None
h - Throw Frost           Conj/Ice       ####..       1%          2    None
i - Force Lance           Conj/Tloc      #####...     1%          4    #......

Your spell library contained the following spells:

 Spells                   Type           Power        Failure   Level  Hunger
 Ignite Poison            Fire/Tmut/Pois ####....     1%          3    None
 Magic Dart               Conj           ####         1%          1    None
 Searing Ray              Conj           ######       1%          2    None
 Conjure Flame            Conj/Fire      ######..     1%          3    None
 Dazzling Spray           Conj/Hex       ####..       1%          3    None
 Inner Flame              Hex/Fire       ####....     1%          3    None
 Mephitic Cloud           Conj/Pois/Air  ####....     1%          3    None
 Iskenderun's Mystic Bla  Conj           ######..     1%          4    #......
 Fulminant Prism          Conj/Hex       ####......   2%          4    #......
 Passwall                 Tmut/Erth      ###.....     3%          2    None
 Beastly Appendage        Tmut           ##....       5%          1    None
 Irradiate                Conj/Tmut      ####......   7%          5    ####...
 Lee's Rapid Deconstruct  Erth           ####......   7%          5    ####...
 Call Imp                 Summ           ##......     9%          2    None
 Slow                     Hex            ##......     9%          2    None
 Sticks to Snakes         Tmut           ##......     9%          2    None
 Olgreb's Toxic Radiance  Pois           ##......     16%         4    #......
 Spider Form              Tmut/Pois      ##........   17%         3    None
 Petrify                  Tmut/Erth      ###.....     24%         4    #......
 Yara's Violent Unravell  Hex/Tmut       ##........   36%         5    ####...
 Ice Form                 Ice/Tmut       ##......     47%         4    #......
 Cause Fear               Hex            ##........   50%         4    #......
 Blade Hands              Tmut           ##........   83%         5    ####...
 Silence                  Hex/Air        ##........   83%         5    ####...
 Deflect Missiles         Chrm/Air       ##........   100%        6    ######.
 Discord                  Hex            ##........   100%        8    #######


Dungeon Overview and Level Annotations

Branches:
Dungeon (10/15)            Temple (1/1) D:6            Lair (2/6) D:9
 Shoals (0/4) Lair:2
  Snake: Lair:2-4    Spider: Lair:2-4       Orc: D:9-12

Altars:
Ashenzari
Cheibriados
Dithmenos
Elyvilon
Fedhas
Gozag
Hepliaklqana
Kikubaaqudgha
Makhleb
Nemelex Xobeh
Okawaru
Qazlal
Ru
Sif Muna
Trog
Uskayaw
Vehumet
Wu Jian
Xom
Yredelemnul
Zin
The Shining One
Jiyva

Shops:
D:10 ?

Annotations:
Lair:1 exclusion: oklob plant


Innate Abilities, Weirdness & Mutations

You cannot wear most types of armour.
You are very stealthy in the water. (Stealth+)
You are amphibious.
You can wear up to eight rings at the same time.
You can use your tentacles to constrict eight enemies at once.
Your skin changes colour to match your surroundings (Stealth+).
Your rubbery body absorbs attacks. (AC +1, EV +1)
You are partially covered in rugged brown scales. (AC +1, +3% HP)
You are agile. (Dex +2)
You expend magic power (3 MP) to strengthen your wands.


Message History

The flame tongue hits the large slime creature.
The large slime creature is severely wounded.
Casting: Flame Tongue (safe; 1% risk of failure)
Confirm with . or Enter, or press ? or * to list all spells.
Aiming: Flame Tongue (safe; 1% risk of failure)
Press: ? - help, Shift-Dir - straight line, f/p - large slime creature
Aim: a large slime creature (severely wounded)
The flame tongue hits the large slime creature.
The large slime creature is severely wounded.
You sock the large slime creature!
Your weapon exudes an aura of protection.
The large slime creature is almost dead.
The large slime creature hits you!!
* * * LOW HITPOINT WARNING * * *
Unknown command.
You feel much better. The large slime creature hits you!!
* * * LOW HITPOINT WARNING * * *
Unknown command.
You feel much better. The large slime creature hits you!!
You die...

#.....# #.....)
#.....# #.##..#
####### ###.##...
#...##...
######.####.#.
#....#.# #.#.
#####.##.#.# #.##
#.....##.#.# #.#
#@###<##...# #.#
#J# ######## #.##
#.# ### ### #...
#.# ##.###.#####.
#.# ##..#.#..## #.
#.###©.......$###.
#..####.=!$.####..
#.©###J.)_?.©###©.
##.####.$$..####(#


You could see a large slime creature.

Vanquished Creatures
  A hydra (D:8)
  A two-headed ogre (D:10)
  A wizard (D:10)
  A black mamba (Lair:2)
  4 spiny frogs
  5 komodo dragons
  Prince Ribbit (D:5)
  A slime creature (D:10)
  A snapping turtle (Lair:2)
  3 blink frogs (Lair:2)
  2 dream sheep (D:8)
  2 hippogriffs
  A spriggan (Lair:2)
  A wyvern (D:9)
  A steam dragon (D:8)
  12 yaks
  A hungry ghost (D:9)
  5 water moccasins
  3 porcupines (Lair:1)
  3 orc warriors
  4 black bears
  A sky beast (D:8)
  A swamp drake (D:9)
  3 phantoms
  An eye of draining (D:9)
  An ice beast (D:6)
  A necrophage (D:6)
  6 wolves
  2 ogres (D:8)
  4 centaurs
  5 crocodiles
  4 big kobolds
  10 bullfrogs
  Blork the orc (D:5)
  A water moccasin zombie (D:6)
  3 scorpions
  A water moccasin skeleton (D:8)
  4 killer bees
  3 wights (D:10)
  2 howler monkeys
  3 bullfrog zombies
  6 crimson imps
  7 hounds
  2 jellies
  A quasit (D:7)
  An orc wizard (D:3)
  A centaur skeleton (D:8)
  Crazy Yiuf (D:7)
  3 bullfrog skeletons
  Jessica (D:2)
  An iguana (D:9)
  Ijyb (D:5)
  7 worker ants
  A hound skeleton (D:9)
  A worker ant zombie (D:6)
  17 adders
  9 gnolls
  A shadow imp (D:9)
  2 oozes
  An adder skeleton (D:3)
  3 worms
  3 dart slugs (D:1)
  5 leopard geckos
  24 orcs
  A ball python (D:2)
  4 giant cockroaches
  7 goblins
  9 hobgoblins
  7 jackals
  15 kobolds
  6 quokkas
  3 bats
  5 frilled lizards
  2 quokka skeletons
  A quokka zombie (D:5)
  3 rats
  2 plants (Lair:1)
275 creatures vanquished.

Vanquished Creatures (collateral kills)
  An orc wizard (D:8)
  An adder (D:8)
  3 orcs (D:8)
5 creatures vanquished.

Vanquished Creatures (others)
  A centaur (D:8)
  A big kobold (D:8)
  An orc priest (D:8)
  2 fungi (Lair:2)
  15 toadstools (Lair:1)
20 creatures vanquished.

Grand Total: 300 creatures vanquished

Notes
Turn   | Place    | Note
-------+----------+-------------------------------------------
     0 | D:1      | dvd the Octopode Fire Elementalist began the quest for the
                  | Orb.
     0 | D:1      | Reached XP level 1. HP: 11/11 MP: 3/3
   219 | D:1      | Reached XP level 2. HP: 17/17 MP: 3/5
   249 | D:1      | Learned a level 2 spell: Throw Flame
   911 | D:1      | Reached XP level 3. HP: 21/21 MP: 1/6
  1359 | D:2      | Found a shattered altar of Ashenzari.
  1359 | D:2      | Found a bloodstained altar of Trog.
  1359 | D:2      | Found a sacrificial altar of Ru.
  1359 | D:2      | Found an opulent altar of Gozag.
  1639 | D:2      | Noticed Jessica
  1714 | D:2      | Killed Jessica
  1714 | D:2      | Reached XP level 4. HP: 27/27 MP: 4/8
  2117 | D:2      | Found a sparkling altar of Nemelex Xobeh.
  2656 | D:3      | Reached skill level 1 in Maces & Flails
  2656 | D:3      | Reached XP level 5. HP: 31/31 MP: 4/9
  2720 | D:3      | Reached skill level 3 in Spellcasting
  2781 | D:3      | Learned a level 4 spell: Sticky Flame
  2985 | D:3      | Found a bloodstained altar of Trog.
  3940 | D:1      | Learned a level 1 spell: Sandblast
  4032 | D:4      | Reached XP level 6. HP: 36/36 MP: 5/10
  4333 | D:4      | Noticed a phantom
  4376 | D:4      | Killed a phantom
  4759 | D:5      | Entered Level 5 of the Dungeon
  4938 | D:5      | Reached XP level 7. HP: 42/42 MP: 6/12
  5014 | D:5      | Noticed Prince Ribbit
  5048 | D:5      | Noticed Ijyb
  5063 | D:5      | Killed Ijyb
  5171 | D:5      | Reached skill level 4 in Spellcasting
  5371 | D:5      | Killed Prince Ribbit
  5371 | D:5      | Reached skill level 1 in Earth Magic
  5543 | D:5      | Noticed Blork the orc
  5688 | D:5      | Killed Blork the orc
  5688 | D:5      | Reached XP level 8. HP: 41/47 MP: 7/14
  6052 | D:5      | Reached skill level 1 in Fighting
  6157 | D:6      | Found a sacrificial altar of Ru.
  6315 | D:6      | Reached skill level 5 in Fire Magic
  6443 | D:6      | Reached skill level 5 in Spellcasting
  6589 | D:6      | Learned a level 5 spell: Fireball
  6616 | D:6      | Reached skill level 5 in Conjurations
  6624 | D:6      | Found a staircase to the Ecumenical Temple.
  6630 | Temple   | Entered the Ecumenical Temple
  6688 | Temple   | Became a worshipper of Vehumet
  7266 | D:7      | Reached XP level 9. HP: 54/54 MP: 11/17
  7284 | D:6      | Reached skill level 6 in Spellcasting
  7541 | D:7      | Learned a level 2 spell: Blink
  8243 | D:7      | Found a runed door.
  8257 | D:7      | Noticed Crazy Yiuf
  8260 | D:7      | Killed Crazy Yiuf
  9092 | D:7      | Reached skill level 7 in Spellcasting
  9536 | D:8      | Reached * piety under Vehumet
  9536 | D:8      | Offered knowledge of Sting by Vehumet.
  9834 | D:8      | Reached XP level 10. HP: 51/60 MP: 4/21
 10473 | D:8      | Found a shimmering altar of Xom.
 10560 | D:8      | Found an ornate altar of the Wu Jian Council.
 10564 | D:8      | Found a blossoming altar of Fedhas.
 10609 | D:8      | Reached skill level 8 in Spellcasting
 10819 | D:8      | Learned a level 3 spell: Stone Arrow
 10830 | D:8      | Reached skill level 1 in Translocations
 10955 | D:8      | Noticed a three-headed hydra
 10965 | D:8      | Killed a three-headed hydra
 10965 | D:8      | Reached skill level 5 in Stealth
 11307 | D:8      | Gained mutation: You are partially covered in rugged brown
                  | scales. (AC +1, +3% HP) [potion of mutation]
 11307 | D:8      | Gained mutation: You expend magic power (3 MP) to
                  | strengthen your wands. [potion of mutation]
 11307 | D:8      | Gained mutation: You are agile. (Dex +2) [potion of
                  | mutation]
 11898 | D:9      | Found an iron altar of Okawaru.
 11962 | D:9      | Offered knowledge of Throw Frost by Vehumet.
 11971 | D:9      | Learned a level 2 spell: Throw Frost
 11999 | D:9      | Reached ** piety under Vehumet
 12539 | D:9      | Found a deep blue altar of Sif Muna.
 12586 | D:9      | Reached XP level 11. HP: 66/66 MP: 9/23
 12595 | D:9      | Reached skill level 9 in Spellcasting
 12740 | D:9      | Found a staircase to the Lair.
 12915 | D:10     | Entered Level 10 of the Dungeon
 13016 | D:10     | Found Ischidio's Magic Scroll Shoppe.
 13431 | D:10     | Noticed a two-headed ogre
 13435 | D:10     | Killed a two-headed ogre
 13435 | D:10     | Reached skill level 5 in Maces & Flails
 13492 | D:10     | Found a transporter.
 13496 | D:10     | Found a viscous altar of Jiyva.
 13497 | D:10     | Found a transporter.
 13499 | D:10     | Identified Sif Muna's Grimoire of Virous Transmutation
 13784 | D:10     | Noticed a wizard
 13792 | D:10     | Killed a wizard
 13817 | D:10     | Learned a level 4 spell: Force Lance
 14090 | Lair:1   | Entered Level 1 of the Lair of Beasts
 14293 | Lair:1   | Found a blossoming altar of Fedhas.
 14307 | Lair:1   | Noticed an oklob plant
 14378 | Lair:1   | Offered knowledge of Ignite Poison by Vehumet.
 15333 | Lair:2   | Reached skill level 5 in Dodging
 15729 | Lair:2   | Reached skill level 10 in Spellcasting
 15749 | Lair:2   | Reached XP level 12. HP: 44/74 MP: 3/26
 16210 | Lair:2   | Reached *** piety under Vehumet
 16504 | Lair:2   | Found a staircase to the Shoals.
 17099 | D:10     | HP: 2/74 [large slime creature (35)]
 17103 | D:10     | Mangled by a large slime creature

Skill      XL: |  1  2  3  4  5  6  7  8  9 10 11 12 |
---------------+-------------------------------------+-----
Stealth        | 3 4 5 6 |  6.1
Conjurations   | 2 3 4 5 6 7 8 |  8.7
Maces & Flails | 1 2 3 4 5 6 |  6.4
Spellcasting   | 3 4 5 7 8 10 | 10.2
Fire Magic     | 4 5 6 7 8 |  8.7
Earth Magic    | 1 2 3 4 |  4.2
Fighting       | 1 2 3 |  3.1
Dodging        | 3 4 5 |  5.8
Translocations | 1 2 |  2.2
Short Blades   | |  0.1
Evocations     | |  0.6

Action                   |  1- 3 |  4- 6 |  7- 9 | 10-12 || total
-------------------------+-------+-------+-------+-------++-------
Melee: Dagger            |     4 |       |       |       ||     4
       Constrict         |     5 |    10 |    18 |    33 ||    66
       Mace              |     9 |    12 |       |       ||    21
       Tentacles         |     1 |     2 |     8 |    24 ||    35
       Flail             |       |    32 |    82 |   109 ||   223
       Staff             |       |       |       |    31 ||    31
       Quarterstaff      |       |       |       |    15 ||    15
 Cast: Flame Tongue      |    33 |    74 |    68 |    42 ||   217
       Throw Flame       |    13 |    16 |    44 |    28 ||   101
       Sticky Flame      |       |     1 |    31 |    55 ||    87
       Sandblast         |       |    12 |    39 |    13 ||    64
       Fireball          |       |       |     7 |    41 ||    48
       Blink             |       |       |     2 |     7 ||     9
       Stone Arrow       |       |       |       |    32 ||    32
       Force Lance       |       |       |       |     5 ||     5
       Throw Frost       |       |       |       |     3 ||     3
Evoke: Wand              |       |       |     2 |       ||     2
  Use: Scroll            |       |     1 |     1 |    20 ||    22
       Potion            |       |       |       |    10 ||    10
 Stab: Sleeping          |     3 |     1 |     4 |     2 ||    10
  Eat: Chunk             |     3 |    10 |    16 |    30 ||    59
       Ration            |       |       |     2 |     1 ||     3
Armor: Skin              |     2 |     9 |    22 |    43 ||    76
Dodge: Dodged            |     4 |    33 |   121 |   113 ||   271
Block: Other             |     6 |    31 |    46 |    54 ||   137
       Reflection        |     2 |     4 |     6 |     1 ||    13
